Map: Ultralove

Players

llllllllllll - Winner!

  • Race: Zerg Zerg
  • League: Silver
  • Spawn Location: 7:00

yizhituoxiee

  • Race: Terran Terran
  • Spawn Location: 1:00

VOD

Have the link to the VOD?

Description

Time

  • Played on: April 24, 2025, 9:21 a.m.
  • Length: 3:59
Show
View Real Time Build Order
Export as new Build Order

llllllllllll Zerg - Winner!

Build Orders: Hatch First, Zergling Baneling 

Get SALT Encoding   

  12  0:01  Drone  
  13  0:12  Overlord  
  13  0:16  Drone  
  14  0:31  Drone x2  
  16  0:46  Hatchery  
  16  0:49  Drone  
  16  0:52  Drone  
  16  0:56  Drone  
  18  0:59  Extractor  
  17  1:12  Spawning Pool  
  17  1:15  Drone  
  17  1:19  Drone  
  18  1:28  Drone  
  19  1:38  Overlord  
  19  1:59  Metabolic Boost  
  19  2:01  Queen x2  
  19  2:04  Zergling x2  
  19  2:08  Zergling x2  
  25  2:12  Zergling x2  
  25  2:15  Zergling x2  
  27  2:19  Zergling x2  
  28  2:23  Zergling x2  
  28  2:27  Zergling x2  
  30  2:32  Baneling Nest  
  30  2:34  Drone  
  30  2:42  Overlord  
  30  2:48  Overlord  
  30  2:53  Zergling x2  
  30  2:55  Zergling x2  
  32  2:59  Zergling x2  
  32  3:04  Zergling x2  
  34  3:10  Zergling x2  
  34  3:11  Zergling x2  
  36  3:16  Zergling x2  
  36  3:17  Zergling x2  
  38  3:20  Zergling x2  
  38  3:24  Zergling x2  
  40  3:32  Baneling x2  
  40  3:33  Baneling x4  
  40  3:34  Baneling  
  40  3:36  Baneling  
Show
View Real Time Build Order
Export as new Build Order

yizhituoxiee Terran 

Build Orders: 1/1/1 

Get SALT Encoding   

  12  0:13  SCV  
  12  0:14  Supply Depot  
  13  0:22  Refinery  
  13  0:43  SCV, Barracks  
  14  0:55  SCV, Refinery  
  15  1:07  SCV  
  16  1:19  SCV  
  17  1:31  SCV  
  18  1:35  Factory  
  18  1:43  SCV  
  19  1:47  Supply Depot  
  19  1:56  SCV  
  20  2:10  Supply Depot, SCV  
  21  2:19  Factory Tech Lab  
  21  2:28  Starport  
  21  2:30  SCV  
  22  2:37  Siege Tank  
  25  2:48  Engineering Bay  
  25  2:57  SCV  
  26  3:08  Starport Tech Lab  
  26  3:10  Fusion Core  
  26  3:15  Orbital Command  
  26  3:27  Missile Turret  
  26  3:49  Missile Turret  
Tags
 
League
Silver
Matchup
TvZ
Replay Pack
kreditionep1
Spawn Locations
Cross Positions
Add a new tag
Caveats
  • Supply blocks, unpowered buildings, or Contaminate may cause inaccurate times.
  • Supply counts are checked every 10 seconds.